 Dungeon Crawl Stone Soup version 0.26-a0-291-g3d11bbfad5 (webtiles) character file.

Game seed: 1808455660330475658

14983 Misa the Fighter (level 12, -1/82 HPs)
             Began as a Gargoyle Berserker on July 14, 2020.
             Was the Champion of Trog.
             Engulfed by an ice statue's freezing vapour (10 damage)
             ... in an ice cave.
             The game lasted 00:34:43 (11080 turns).

Misa the Fighter (Gargoyle Berserker)              Turns: 11080, Time: 00:34:43

Health: -1/82      AC: 32    Str: 25    XL:     12   Next: 22%
Magic:  12/12      EV:  8    Int:  9    God:    Trog [******]
Gold:   188        SH:  0    Dex:  9    Spells: 11/11 levels left

rFire    . . .     SeeInvis +   I - +3 battleaxe of the Beginning {flame, rN+}
rCold    . . .     Faith    .   (shield currently unavailable)
rNeg     + + +     Spirit   .   w - +0 plate armour
rPois    ∞         Reflect  .   r - +0 helmet
rElec    +         Harm     .   a - +0 cloak
rCorr    .                      m - +0 pair of gloves
MR       .....                  t - +2 pair of boots
Stlth    ..........             (no amulet)
HPRegen  0.23/turn              D - ring of positive energy
MPRegen  0.13/turn              k - ring of see invisible

@: no status effects
A: negative energy resistance 1, electricity resistance, unbreathing,
petrification resistance, rot immunity, AC +8
a: Berserk, Trog's Hand, Brothers in Arms, Renounce Religion


You were in an ice cave.
You worshipped Trog.
Trog was exalted by your worship.
You visited 2 branches of the dungeon, and saw 13 of its levels.
You also visited: Ice Cave.

You collected 670 gold pieces.
You spent 482 gold pieces at shops.

Inventory:

Hand Weapons
 C - a +5 halberd
 I - the +3 battleaxe of the Beginning (weapon) {flame, rN+}
   (Trog gifted it to you in an ice cave)

   It has been specially enchanted to burn those struck by it, causing extra
   injury to most foes and up to half again as much damage against particularly
   susceptible opponents.
   Big, fiery blades are also staple armaments of hydra-hunters.
   It protects you from negative energy.
Armour
 a - a +0 cloak (worn)
 m - a +0 pair of gloves (worn)
 r - a +0 helmet (worn)
 t - a +2 pair of boots (worn)
 w - a +0 plate armour (worn)
Jewellery
 k - a ring of see invisible (right hand)
 D - a ring of positive energy (left hand)
Wands
 f - a wand of clouds (4)
 A - a wand of polymorph (17)
 E - a wand of paralysis (9)
 F - a wand of random effects (20)
Scrolls
 c - 11 scrolls of identify
 d - 7 scrolls of remove curse
 h - 6 scrolls of magic mapping
 i - 4 scrolls of noise
 j - a scroll of enchant armour
 l - 6 scrolls of teleportation
 p - a scroll of fear
 s - 4 scrolls of blinking
 y - 2 scrolls of fog
 G - a scroll of enchant weapon
 H - a scroll of torment {unknown}
Potions
 b - 2 potions of lignification {unknown}
 e - 4 potions of might {unknown}
 g - 2 potions of ambrosia {unknown}
 n - 4 potions of curing {unknown}
 o - 2 potions of mutation {unknown}
 q - a potion of stabbing {unknown}
 u - a potion of degeneration {unknown}
 x - 3 potions of brilliance {unknown}
 z - 2 potions of flight {unknown}
 B - 3 potions of cancellation {unknown}


   Skills:
 + Level 12.5 Fighting
 + Level 10.7 Axes
 + Level 12.2 Armour
 - Level 1.5 Dodging


You had 11 spell levels left.
You didn't know any spells.
Your spell library was empty.

Dungeon Overview and Level Annotations

Branches:
Dungeon (12/15)            Temple (1/1) D:4            Lair (0/6) D:8
    Orc (0/2) D:11          IceCv (1/1)

Altars:
Cheibriados
Elyvilon
Fedhas
Makhleb
Nemelex Xobeh
Okawaru
Ru
Uskayaw
Vehumet
Xom
Zin

Shops:
D:4 (   D:5 :   D:8 (   D:9 ?   D:12 =

Annotations:
D:12 1 transporter IceCv exclusion: 2 ice statues


Innate Abilities, Weirdness & Mutations

You are resistant to torment.
Your stone body is resilient. (AC +8)
You are immune to poison.
You resist negative energy. (rN+)
You are resistant to electric shocks. (rElec)
You can survive without breathing.
You are immune to petrification.
You are immune to rotting.


Message History

You kill the ufetubus!
Trog accepts your kill.
Really walk into a travel-excluded area?
The ice statue gestures.
You hit the ice statue but do no damage.
The ice statue gestures at you. The shard of ice hits you!!
You slash the ice statue!
You melt the ice statue.
The ice statue is lightly damaged.
You slice the ice statue!!
You melt the ice statue.
The ice statue is heavily damaged.
You slice the ice beast!!
You melt the ice beast!
You kill the ice beast!
The ice statue gestures.
The ice statue gestures at you. The freezing blast engulfs you!!
The ice statue gestures.
The ice statue gestures at you. The bolt of cold hits you!!
* * * LOW HITPOINT WARNING * * *
You are engulfed in freezing vapours.
You die...

##.. ...# ... ##..##
##....# ##...○.##
#....○°8# #### #....○○##
######..## #....○○@###
##..##....##
#....○....###..........#
#...........#.......[.∩.#
#......Y.##.)..##.......#
#.......####..#####....##
##....Y.8 #### ##..##
##.#.### #### ####


You could see 2 ice beasts.

Vanquished Creatures
  Harold (D:7)
  3 two-headed ogres
  Nergalle (D:10)
  An unseen horror (D:7)
  Pikel (D:8)
  2 ugly things (D:11)
  Maggie (D:10)
  2 rime drakes (D:12)
  A kobold demonologist (D:12)
  A troll (D:11)
  A hornet (D:12)
  Grinder (D:4)
  2 hippogriffs
  A wraith (D:10)
  A vampire (D:11)
  A wyvern (D:8)
  A basilisk (D:8)
  9 orc warriors
  2 porcupines (D:8)
  A sky beast (D:9)
  A necrophage (D:9)
  An eye of draining (D:12)
  3 black bears
  9 ogres
  2 phantoms
  6 ice beasts
  A wolf (D:8)
  2 centaurs (D:5)
  A lemure (D:8)
  5 crocodiles
  5 bullfrogs
  2 gnoll sergeants (D:11)
  A water moccasin zombie (D:8)
  3 wyvern skeletons
  A wyvern zombie (D:12)
  2 scorpions
  20 wights
  3 howler monkeys (D:7)
  3 quasits
  3 jellies
  2 hounds
  2 centaur skeletons
  A gnoll shaman (D:4)
  8 orc priests
  4 iguanas
  Natasha (thrice) (D:4)
  2 bullfrog skeletons
  8 orc wizards
  7 worker ants
  A hound skeleton (D:4)
  Robin (D:4)
  A howler monkey skeleton (D:8)
  19 gnolls
  15 adders
  11 white imps
  8 ufetubi
  2 oozes
  An adder zombie (D:5)
  An adder skeleton (D:7)
  A dart slug (D:2)
  4 worms
  4 leopard geckos
  55 orcs
  5 bats
  3 giant cockroaches
  12 hobgoblins
  6 kobolds
  4 quokkas
  3 ball pythons
  4 frilled lizards
  13 goblins
  A leopard gecko skeleton (D:4)
  4 quokka skeletons
  A quokka zombie (D:8)
  3 rats
  2 fungi (D:8)
330 creatures vanquished.

Vanquished Creatures (others)
  3 white imps (IceCv)
  An ufetubus (IceCv)
  A fungus (D:8)
5 creatures vanquished.

Grand Total: 335 creatures vanquished

Notes
Turn   | Place    | Note
-------+----------+-------------------------------------------
     0 | D:1      | Misa the Gargoyle Berserker began the quest for the Orb.
     0 | D:1      | Reached XP level 1. HP: 14/14 MP: 1/1
   110 | D:1      | Reached XP level 2. HP: 18/19 MP: 2/2
   473 | D:1      | Reached XP level 3. HP: 24/24 MP: 3/3
   795 | D:2      | Reached ** piety under Trog
   887 | D:2      | Reached XP level 4. HP: 8/29 MP: 4/4
  1444 | D:2      | Found a shimmering altar of Xom.
  2133 | D:3      | Reached XP level 5. HP: 33/34 MP: 5/5
  2957 | D:3      | Reached XP level 6. HP: 38/40 MP: 6/6
  3356 | D:4      | Reached skill level 5 in Fighting
  3363 | D:4      | Reached *** piety under Trog
  3684 | D:4      | Noticed Grinder
  3685 | D:4      | Found a snail-covered altar of Cheibriados.
  3686 | D:4      | Noticed a phantom
  3721 | D:4      | Found a staircase to the Ecumenical Temple.
  3731 | Temple   | Entered the Ecumenical Temple
  3902 | D:4      | Killed Grinder
  3902 | D:4      | Reached skill level 5 in Armour
  3902 | D:4      | Reached XP level 7. HP: 30/45 MP: 7/7
  4218 | D:4      | Noticed Robin
  4237 | D:4      | Killed Robin
  4237 | D:4      | Reached skill level 5 in Axes
  4296 | D:4      | Found a radiant altar of Vehumet.
  4296 | D:4      | Noticed Natasha
  4299 | D:4      | Killed Natasha
  4329 | D:4      | Noticed Natasha
  4338 | D:4      | Killed Natasha
  4423 | D:4      | Reached XP level 8. HP: 46/52 MP: 8/8
  4458 | D:4      | Found Odaprits's Antique Weapon Shoppe.
  4492 | D:4      | Noticed Natasha
  4507 | D:4      | Killed Natasha
  4825 | D:5      | Entered Level 5 of the Dungeon
  4964 | D:5      | Reached **** piety under Trog
  5357 | D:5      | Found Quecloq's Book Boutique.
  5853 | D:5      | Got a pitted spear
  5854 | D:5      | Identified the +6 spear "Hyvoi" {holy, SInv} (You found it
                  | on level 5 of the Dungeon)
  6190 | D:6      | Reached XP level 9. HP: 56/59 MP: 9/9
  6290 | D:6      | Found a hide-covered altar of Uskayaw.
  6631 | D:7      | Noticed an unseen horror
  6650 | D:7      | Reached ***** piety under Trog
  6722 | D:7      | Killed an unseen horror
  6740 | D:7      | Found a sacrificial altar of Ru.
  6762 | D:7      | Noticed Harold
  6776 | D:7      | Killed Harold
  6776 | D:7      | Reached XP level 10. HP: 66/66 MP: 10/10
  7086 | D:8      | Found Zegeluti's Weapon Shoppe.
  7142 | D:8      | Reached skill level 10 in Fighting
  7267 | D:8      | Found a staircase to the Lair.
  7279 | D:8      | Found an iron altar of Okawaru.
  7308 | D:8      | Noticed Pikel
  7341 | D:8      | Killed Pikel
  7341 | D:8      | Reached skill level 10 in Armour
  7616 | D:8      | Found a sparkling altar of Nemelex Xobeh.
  8209 | D:10     | Entered Level 10 of the Dungeon
  8282 | D:9      | Reached XP level 11. HP: 65/73 MP: 11/11
  8543 | D:9      | Found a glowing silver altar of Zin.
  8558 | D:9      | Found Foquis's Magic Scroll Emporium.
  8565 | D:9      | Bought a scroll of blinking for 82 gold pieces
  8565 | D:9      | Bought a scroll of teleportation for 33 gold pieces
  8565 | D:9      | Bought a scroll of teleportation for 33 gold pieces
  8565 | D:9      | Bought a scroll of identify for 22 gold pieces
  8565 | D:9      | Bought a scroll of remove curse for 33 gold pieces
  8565 | D:9      | Bought a scroll of remove curse for 33 gold pieces
  8565 | D:9      | Bought 2 scrolls of identify for 44 gold pieces
  8565 | D:9      | Bought a scroll of fear for 38 gold pieces
  8565 | D:9      | Bought a scroll of remove curse for 33 gold pieces
  8565 | D:9      | Bought a scroll of magic mapping for 38 gold pieces
  8565 | D:9      | Bought a scroll of blinking for 82 gold pieces
  8565 | D:9      | Bought a scroll of random uselessness for 11 gold pieces
  8925 | D:10     | Found a blossoming altar of Fedhas.
  9110 | D:10     | Noticed Maggie
  9121 | D:10     | Killed Maggie
  9226 | D:10     | Noticed Nergalle
  9235 | D:10     | Killed Nergalle
  9657 | D:11     | Noticed a two-headed ogre
  9667 | D:11     | Killed a two-headed ogre
 10170 | D:11     | Noticed a cyan ugly thing
 10178 | D:11     | Killed a cyan ugly thing
 10178 | D:11     | Reached skill level 10 in Axes
 10235 | D:11     | Found a white marble altar of Elyvilon.
 10303 | D:11     | Found a staircase to the Orcish Mines.
 10322 | D:11     | Reached ****** piety under Trog
 10783 | D:12     | Found a transporter.
 10789 | D:12     | Noticed an orc sorcerer
 10792 | D:12     | Noticed a purple ugly thing
 10806 | D:11     | Killed a purple ugly thing
 10814 | D:12     | Noticed a two-headed ogre
 10817 | D:12     | Reached XP level 12. HP: 81/81 MP: 12/12
 10821 | D:12     | Killed a two-headed ogre
 10832 | D:12     | Noticed a two-headed ogre
 10862 | D:12     | Killed a two-headed ogre
 10874 | D:12     | Found Lajuock's Jewellery Emporium.
 10913 | D:12     | Found a frozen archway.
 10925 | IceCv    | Entered an ice cave
 11045 | IceCv    | Received a gift from Trog
 11055 | IceCv    | Got a warped battleaxe {god gift}
 11056 | IceCv    | Identified the +3 battleaxe of the Beginning {flame, rN+}
                  | (Trog gifted it to you in an ice cave)
 11080 | IceCv    | Engulfed by an ice statue's freezing vapour

Illustrated notes

Levels and vault maps discovered:
D:1:      lemuel_arrival_muddy, layout_rooms, serial_glass, glass_columns_a,
          glass_columns_b, glass_columns_b, glass_columns_a
D:2:      layout_loops_ring, overflow_temple_1_default
D:3:      layout_basic
D:4:      layout_rooms, fiery_altar_vehumet, minmay_temple_entry_antechambers,
          serial_shops, nicolae_shop_trees, cheibriados_altar_1, uniq_natasha,
          uniq_robin, uniq_grinder
D:5:      layout_basic, serial_shops, nicolae_shop_behind_doors
D:6:      layout_rooms, marbit_many_paths
D:7:      layout_gridville, minmay_misc_feat_nine_boxes, pf_just_have_faith,
          uniq_harold
D:8:      layout_basic, nemelex_altar_shiori, minmay_lair_entry_grove,
          serial_shops, shop, minivault_23, grunt_decor_resistance,
          okawaru_metal_pillars_3, uniq_pikel
D:9:      layout_rooms, zin_academy, serial_shops, shop, minivault_25
D:10:     layout_roguey, fedhas_altar_4, uniq_maggie, uniq_nergalle
D:11:     layout_basic, kennysheep_orc_monster_closet_entryway,
          minmay_door_square, lemuel_altar_in_water2
D:12:     gammafunk_wand_slinger, layout_gridville, portal_ice_cave_rime,
          serial_shops, shop, elyvilon_altar_4
Temple:   minmay_crystal_spiral_temple
IceCv:    ice_cave_small_demon

Skill      XL: |  1  2  3  4  5  6  7  8  9 10 11 12 |
---------------+-------------------------------------+-----
Axes           | 3 4 5 6 8 9 10 | 10.7
Armour         | 3 4 5 7 9 10 11 12 | 12.2
Fighting       | 4 5 6 7 9 10 12 | 12.5
Dodging        | |  1.5

Action                   |  1- 3 |  4- 6 |  7- 9 | 10-12 || total
-------------------------+-------+-------+-------+-------++-------
Melee: Hand axe          |    91 |   161 |       |       ||   252
       War axe           |       |    46 |   160 |       ||   206
       Battleaxe         |       |       |   118 |   372 ||   490
Invok: Berserk           |     1 |     1 |     1 |     4 ||     7
       Trog's Hand       |       |     1 |       |     1 ||     2
  Use: Scroll            |       |       |     8 |     5 ||    13
Armor: Animal skin       |    33 |    23 |       |       ||    56
       Ring mail         |       |    20 |       |       ||    20
       Chain mail        |       |    63 |   222 |       ||   285
       Plate armour      |       |       |   109 |   384 ||   493
Dodge: Dodged            |    68 |   142 |   172 |   167 ||   549

Table legend:
 A = Non-vault XP
 B = Vault XP
 C = Vault XP percentage of total XP
 D = Non-vault monster count
 E = Vault monster count
 F = Vault count percentage of total count
                 A         B        C        D         E       F
            +---------+---------+-------+---------+---------+-------
      Total |   14220 |    7185 |  33.6 |     265 |      62 |  19.0
            +---------+---------+-------+---------+---------+-------
        D:1 |      36 |       0 |   0.0 |      18 |       0 |   0.0
        D:2 |     118 |       0 |   0.0 |      23 |       0 |   0.0
        D:3 |     169 |       0 |   0.0 |      30 |       0 |   0.0
        D:4 |     591 |     333 |  36.0 |      26 |      11 |  29.7
        D:5 |     549 |       0 |   0.0 |      12 |       0 |   0.0
        D:6 |     842 |      13 |   1.5 |      23 |       1 |   4.2
        D:7 |    1764 |    1002 |  36.2 |      31 |       1 |   3.1
        D:8 |     868 |    2050 |  70.3 |      16 |      14 |  46.7
        D:9 |     842 |       0 |   0.0 |      17 |       0 |   0.0
       D:10 |    1525 |    1240 |  44.8 |      33 |       2 |   5.7
       D:11 |    3608 |    1671 |  31.7 |      22 |      20 |  47.6
       D:12 |    3308 |     773 |  18.9 |      14 |       2 |  12.5
      IceCv |       0 |     103 | 100.0 |       0 |      11 | 100.0
            +---------+---------+-------+---------+---------+-------
